 Dungeon Crawl Stone Soup version 0.28-a0-802-g09f76e8c00 (webtiles) character file.

Game seed: 8128510219405168607

63 nicknak712 the Skirmisher (level 3, 0/29 HPs)
             Began as a Demonspawn Fighter on Nov 6, 2021.
             Was a Follower of Yredelemnul.
             Slain by Sigmund (9 damage)
             ... on level 2 of the Dungeon.
             The game lasted 00:07:57 (1617 turns).

nicknak712 the Skirmisher (Demonspawn Fighter)      Turns: 1617, Time: 00:07:57

Health: 0/29       AC:  6    Str: 17    XL:     3   Next: 89%
Magic:  3/3        EV:  9    Int:  9    God:    Yredelemnul [*.....]
Gold:   60         SH:  4    Dex: 12    Spells: 2/2 levels left

rFire   . . .      SeeInvis .   a - +0 long sword
rCold   . . .      Faith    .   c - +0 buckler
rNeg    . . .      Spirit   .   b - +0 scale mail
rPois   .          Reflect  .   (no helmet)
rElec   .          Harm     .   (no cloak)
rCorr   .          Rampage  .   (no gloves)
Will    .....                   (no boots)
Stlth   ..........              (no amulet)
HPRegen 0.09/turn               (no ring)
MPRegen 0.08/turn               (no ring)

@: no status effects
A: demonic guardian 1
a: Renounce Religion, Animate Remains


You were on level 2 of the Dungeon.
You worshipped Yredelemnul.
Yredelemnul was aware of your devotion.
You visited 1 branch of the dungeon, and saw 2 of its levels.

You collected 60 gold pieces.

Inventory:

Hand Weapons
 a - a +0 long sword (weapon)
 g - a +0 morningstar
Armour
 b - a +0 scale mail (worn)
 c - a +0 buckler (worn)
Scrolls
 d - a scroll of identify {unknown}
 e - a scroll of summoning {unknown}
 f - a scroll of blinking {unknown}


   Skills:
 + Level 3.4 Fighting
 * Level 2.6 Long Blades
 + Level 3.0 Armour
 + Level 3.1 Shields
 + Level 1.2 Invocations


You had 2 spell levels left.
You didn't know any spells.
Your spell library was empty.

Dungeon Overview and Level Annotations

Branches:
Dungeon (2/15)

Altars:
Yredelemnul

Annotations:
D:2 Sigmund


Innate Abilities, Weirdness & Mutations

A weak demonic guardian rushes to your aid.


Message History

You closely miss the goblin.
The goblin is heavily wounded.
You block the goblin's attack. Sigmund barely misses you.
Your rat skeleton closely misses the goblin.
The goblin hits you but does no damage.
You miss the goblin.
The goblin is moderately wounded.
You block Sigmund's attack.
Your rat skeleton closely misses the goblin.
The goblin hits you with a +0 dagger.
You hit the goblin.
The goblin is heavily wounded.
The goblin hits you with a +0 dagger.
Your rat skeleton bites the goblin.
Sigmund says, "You will soon forget everything."
Sigmund barely misses you.
You slash the goblin!
You kill the goblin!
Yredelemnul accepts your kill.
Sigmund hits you from afar with a +0 scythe.
You hit the ball python.
You kill the ball python!
Yredelemnul accepts your kill. Something bites your rat skeleton.
Your rat skeleton is destroyed!
Sigmund hits you from afar with a +0 scythe!
* * * LOW HITPOINT WARNING * * *
Found a stone staircase leading down.
The frilled lizard closely misses you.
Items here: )) [ †.
You slash Sigmund!
Sigmund is moderately wounded.
The frilled lizard misses you.
Sigmund says, "You will soon forget everything."
Sigmund gestures at you while chanting. You resist with significant effort.
The frilled lizard bites you but does no damage.
You hit Sigmund.
Sigmund is moderately wounded.
Sigmund hits you with a +0 scythe!
You die...
Your body rises from the dead as a mindless zombie.

#..#.... ###... #..#####
..#... #..# >.....#
#..##### .......
#....... .......########
#..<.###
................##.#.###
......@.l...............
.....##@##########.#.###
........................
#....###.#########.#.###
#... #..# #.#.... ...
##.## #.##### #. #..#
#.# . ###.## #.# #)...#
#.# #....######.#


You could see Sigmund and a frilled lizard.

Vanquished Creatures
  Terence (D:2)
  2 ball pythons
  2 bats (D:1)
  An endoplasm (D:1)
  2 giant cockroaches
  3 goblins
  2 hobgoblins (D:1)
  A quokka (D:2)
  A frilled lizard (D:1)
  4 kobolds (D:1)
  4 rats
23 creatures vanquished.

Vanquished Creatures (collateral kills)
  An adder (D:2)
  2 goblins
  A kobold (D:1)
  2 rats (D:2)
6 creatures vanquished.

Vanquished Creatures (others)
  A goblin zombie (D:2)
  A human skeleton (D:2)
  A rat skeleton (D:2)
  A rat zombie (D:2)
4 creatures vanquished.

Grand Total: 33 creatures vanquished

Notes
Turn   | Place    | Note
-------+----------+-------------------------------------------
     0 | D:1      | nicknak712 the Demonspawn Fighter began the quest for the
                  | Orb.
     0 | D:1      | Reached XP level 1. HP: 18/18 MP: 1/1
     2 | D:1      | Noticed a felid
     2 | D:1      | Noticed a dwarf
     4 | D:1      | Noticed a tengu
     4 | D:1      | Noticed a merfolk
     6 | D:1      | Noticed a gargoyle
     8 | D:1      | Noticed a human
     8 | D:1      | Noticed a demigod
    10 | D:1      | Noticed a demonspawn
    12 | D:1      | Noticed a formicid
    14 | D:1      | Noticed an ogre
    14 | D:1      | Noticed a ghoul
    16 | D:1      | Noticed a vine stalker
    16 | D:1      | Noticed a draconian
    18 | D:1      | Noticed an elf
    18 | D:1      | Noticed a minotaur
    20 | D:1      | Noticed a spriggan
    20 | D:1      | Noticed a troll
    22 | D:1      | Noticed a naga
    24 | D:1      | Noticed a vampire
    26 | D:1      | Noticed an octopode
   430 | D:1      | Gained mutation: A weak demonic guardian rushes to your
                  | aid. [demonic ancestry]
   430 | D:1      | Reached XP level 2. HP: 22/24 MP: 2/2
   637 | D:1      | Found a faded altar of an unknown god.
   864 | D:1      | Prayed at the altar of an unknown god.
   864 | D:1      | Became a worshipper of Yredelemnul the Dark
   864 | D:1      | Reached * piety under Yredelemnul
  1249 | D:2      | Noticed Terence
  1271 | D:2      | Killed Terence
  1272 | D:2      | Reached skill level 1 in Invocations
  1272 | D:2      | Reached XP level 3. HP: 5/29 MP: 1/3
  1597 | D:2      | Noticed Sigmund
  1605 | D:2      | Your ally Terence died
  1617 | D:2      | Slain by Sigmund

Illustrated notes

Levels and vault maps discovered:
D:1:      kb_arrival_jail, layout_basic, shapermc_ecumenical_altar_ellora
D:2:      layout_basic, uniq_terence, uniq_natasha, uniq_sigmund

Skill      XL: |  1  2 |
---------------+-------+-----
Long Blades    | 2 |  2.6
Armour         | 3 |  3.0
Shields        | 3 |  3.1
Invocations    | 1 |  1.2
Fighting       | |  3.4

Action                   || total
-------------------------++-------
Melee: Long sword        ||    78
Invok: Animate Remains   ||     6
  Use: Potion            ||     1
 Stab: Distracted        ||     1
Armor: Scale mail        ||    39
Dodge: Dodged            ||    44
Block: Buckler           ||    22

Table legend: (Time is in decaauts)
 A = Elapsed time spent in this place.
 B = Non-inter-level travel time spent in this place.
 C = Inter-level travel time spent in this place.
 D = Time resting spent in this place.
 E = Time spent auto-exploring this place.
 F = Levels seen in this place.
 G = Mean time per level.
                   A        B        C        D        E       F      G
               +--------+--------+--------+--------+--------+-----+--------+
         Total |   1656 |   1638 |     18 |    572 |    667 |   2 |  828.0 |
       Dungeon |   1656 |   1638 |     18 |    572 |    667 |   2 |  828.0 |
               +--------+--------+--------+--------+--------+-----+--------+

Top non-repeatable levels by time:
     D:1: 1184 daAuts
     D:2: 471 daAuts
